 Dungeon Crawl Stone Soup version 0.17-a0-1914-gde4187c (webtiles) character file.

4296 4thArraOfDagon the Cleaver (level 10, -16/141 HPs)
             Began as a Naga Berserker on Sept 26, 2015.
             Was a High Priest of Trog.
             Demolished by an orc knight
             ... wielding a +0 battleaxe
              (24 damage)
             ... on level 3 of the Orcish Mines.
             The game lasted 00:16:06 (2706 turns).

4thArraOfDagon the Cleaver (Naga Berserker)         Turns: 2706, Time: 00:16:07

Health: -16/141    AC: 17    Str: 28    XL:     10   Next: 32%
Magic:  4/4        EV:  6    Int:  7    God:    Trog [*****.]
Gold:   495        SH:  0    Dex: 11    Spells: 0 memorised, 9 levels left

rFire  . . .     SeeInvis +     E - +4 battleaxe (antimagic)
rCold  + . .     Clarity  .     l - +0 plate armour
rNeg   . . .     SustAt   .     (no shield)
rPois  +         Gourm    .     d - +1 hat
rElec  .         Spirit   .     g - +2 cloak {MR+}
rCorr  .         Warding  .     (no gloves)
rMut   .         Stasis   .     (no barding)
MR     ++++.                    (no amulet)
Stlth  ..........               (no ring)
                                (no ring)

@: berserking, regenerating, quick, incredibly resistant to hostile
enchantments, extremely unstealthy
A: slimy green scales 1, see invisible, cold resistance 1, deformed body, poison
resistance, slowness 2, slow metabolism 1, spit poison 2, evolution 1, AC +3
a: Spit Poison, Burn Spellbooks, Berserk, Trog's Hand, Brothers in Arms,
Renounce Religion


You were on level 3 of the Orcish Mines.
You worshipped Trog.
Trog was extremely pleased with you.
You were hungry.

You visited 2 branches of the dungeon, and saw 15 of its levels.
You also visited: Sewer.

You collected 593 gold pieces.
You spent 98 gold pieces at shops.

Inventory:

Hand weapons
 a - a +0 hand axe
 h - a +1 mace of distortion
 D - a +0 war axe
 E - a +4 antimagic battleaxe (weapon)
Armour
 d - a +1 hat (worn)
 g - a +2 cloak of magic resistance (worn)
 l - a +0 plate armour (worn)
Magical staves
 y - a cursed staff of power {unknown}
Magical devices
 s - a wand of fire (7)
 w - a wand of disintegration (4)
Scrolls
 e - a scroll of amnesia {unknown}
 f - 2 scrolls of enchant weapon {unknown}
 i - 3 scrolls of remove curse
 m - a scroll of random uselessness
 u - a scroll of teleportation
 v - a scroll of magic mapping {unknown}
 z - 2 scrolls of fog {unknown}
Potions
 b - a potion of invisibility {unknown}
 k - a potion of flight {unknown}
 n - a potion of heal wounds {unknown}
 o - 2 potions of mutation {unknown}
 p - 2 potions of agility {unknown}
 t - a potion of curing {unknown}
 A - 2 potions of poison {unknown}
 B - 2 potions of berserk rage
 C - a potion of cancellation
Books
 j - a book of Dreams

   Spells                             Type                      Level
   a - Ensorcelled Hibernation        Hexes/Ice                    2
   b - Phase Shift                    Translocation                5
   c - Shadow Creatures               Summoning                    5
   d - Silence                        Hexes/Air                    5
   e - Darkness                       Hexes                        6
   f - Mass Confusion                 Hexes                        6
   Trog disapproves of the use of such an item.
Comestibles
 c - 2 bread rations
 q - a slice of pizza
 r - 3 meat rations
 x - 5 chunks of flesh


   Skills:
 + Level 7.5 Fighting
 * Level 10.0 Axes
 + Level 5.6 Armour
 - Level 1.5 Dodging
 + Level 6.0 Evocations


You had 9 spell levels left.
You didn't know any spells.

Dungeon Overview and Level Annotations

Branches:
Dungeon (12/15)            Temple (0/1) D:7             Orc (3/4) D:12
   Lair: D:8-11         Elf: Orc:3-4

Altars:
Fedhas
Nemelex Xobeh
Yredelemnul

Shops:
D:11 %   Orc:1 [}*   Orc:2 }   Orc:3 *

Annotations:
D:10 hexophile's ghost, powerful MiBe


Innate Abilities, Weirdness & Mutations

You cannot wear boots.
Your serpentine skin is tough (AC +3).
You have supernaturally acute eyesight.
Armour fits poorly on your strangely shaped body.
Your system is resistant to poisons.
You cover ground very slowly.
You have a slow metabolism.
You can spit poison.
You are partially covered in slimy green scales (AC +2).
Your flesh is cold resistant.
You evolve.


Message History

You closely miss the orc knight.
The orc knight is moderately wounded.
You slice the orc!!
You kill the orc!
Trog accepts your kill.
You hit the orc warrior but do no damage.
The orc warrior is heavily wounded.
The orc warrior barely misses you.
The orc knight hits you with an uncursed battleaxe!!
* * * LOW HITPOINT WARNING * * *
Unknown command.
Unknown command.
You hit the orc warrior.
The orc warrior is heavily wounded.
You barely miss the orc knight.
The orc knight is moderately wounded.
The orc warrior hits you with a battleaxe!
* * * LOW HITPOINT WARNING * * *
The orc knight hits you with an uncursed battleaxe!!
You die...

## #.#.####.#.##.## ##.#
......#......).##
##...##.#....#....<....
##.#...#.##..........).)
#...#$#... #.........<.)
.#...$...###............
......#..(###...........
#o#..o(###............
#..)@##....><........
#...)o(..............
#.....#.............#.
##.#...........#.....#
###..................
#.#..##............#
#....####.......##.##
.#....#####......###
....#..#...#..#....##


You could see an orc knight, an orc warrior (frenzied) and an orc.

Vanquished Creatures
  A centaur skeleton (D:10)
  Sigmund (D:6)
  Eustachio (D:6)
  2 steam dragons (D:11)
  Duvessa (D:4)
  Purgy (Sewer)
  A sky beast (D:11)
  2 wasps
  8 orc warriors
  An ogre (Orc:1)
  Dowan (D:4)
  A wyvern skeleton (D:11)
  A scorpion (D:3)
  3 hounds
  2 crimson imps
  A gnoll shaman (D:6)
  2 jellies (D:10)
  12 orc wizards
  14 orc priests
  2 iguanas
  5 worker ants
  2 quasits
  A giant frog skeleton (D:8)
  A worker ant zombie (D:11)
  9 gnolls
  5 adders
  2 river rats (D:3)
  6 worms
  115 orcs
  4 giant cockroaches
  3 hobgoblins (D:2)
  4 kobolds
  A quokka (D:6)
  5 ball pythons (D:3)
  4 bats
  A giant gecko (D:3)
  A giant gecko skeleton (D:4)
  2 giant newts (D:3)
  2 goblins
  4 jackals
  2 rats (D:3)
237 creatures vanquished.

Vanquished Creatures (collateral kills)
  An ogre mage (Orc:3)
  An orc (Orc:3)
2 creatures vanquished.

Grand Total: 239 creatures vanquished

Notes
Turn   | Place    | Note
--------------------------------------------------------------
     0 | D:1      | 4thArraOfDagon the Naga Berserker began the quest for the Orb.
     0 | D:1      | Reached XP level 1. HP: 21/21 MP: 1/1
    61 | D:2      | Reached XP level 2. HP: 25/28 MP: 2/2
   134 | D:2      | Reached XP level 3. HP: 23/34 MP: 3/3
   161 | D:3      | Noticed a scorpion
   170 | D:3      | Killed a scorpion
   170 | D:3      | Reached skill level 4 in Axes
   170 | D:3      | Reached XP level 4. HP: 26/43 MP: 4/4
   302 | D:3      | Found a sparkling altar of Nemelex Xobeh.
   306 | D:3      | Found a blossoming altar of Fedhas.
   418 | D:3      | Found a glowing drain.
   426 | D:3      | Acquired Trog's second power
   430 | D:3      | Reached XP level 5. HP: 50/50 MP: 5/5
   454 | Sewer    | Entered a sewer
   513 | Sewer    | Noticed Purgy
   524 | Sewer    | Killed Purgy
   524 | Sewer    | Reached skill level 5 in Axes
   538 | Sewer    | :(
   606 | D:3      | Reached XP level 6. HP: 57/57 MP: 6/6
   648 | D:3      | Found a basalt altar of Yredelemnul.
   689 | D:4      | Noticed Dowan
   691 | D:4      | Noticed Duvessa
   702 | D:4      | Killed Duvessa
   702 | D:4      | Reached skill level 1 in Evocations
   703 | D:4      | Killed Dowan
   751 | D:4      | Reached XP level 7. HP: 20/66 MP: 8/8
   832 | D:5      | Entered Level 5 of the Dungeon
   981 | D:6      | Noticed Sigmund
   983 | D:6      | Noticed Eustachio
   995 | D:6      | Reached skill level 6 in Axes
  1001 | D:6      | Killed Sigmund
  1001 | D:6      | Reached skill level 5 in Fighting
  1057 | D:6      | Killed Eustachio
  1057 | D:6      | Reached XP level 8. HP: 74/74 MP: 8/10
  1116 | D:7      | Found a staircase to the Ecumenical Temple.
  1168 | D:8      | Reached skill level 7 in Axes
  1328 | D:10     | Entered Level 10 of the Dungeon
  1381 | D:10     | Noticed a centaur skeleton
  1390 | D:10     | Killed a centaur skeleton
  1390 | D:10     | Reached skill level 8 in Axes
  1390 | D:10     | Reached XP level 9. HP: 82/82 MP: 10/12
  1614 | D:10     | Noticed hexophile's ghost (powerful MiBe)
  1722 | D:12     | Found a staircase to the Orcish Mines.
  1727 | D:11     | Found Wineib's Food Shop.
  1746 | D:11     | Acquired Trog's third power
  1751 | D:11     | Reached skill level 5 in Armour
  1780 | D:11     | Reached skill level 5 in Evocations
  1815 | Orc:1    | Entered Level 1 of the Orcish Mines
  1815 | Orc:1    | Found Tozuxuin's Gadget Shop.
  1818 | Orc:1    | Found Jomupoy's Assorted Antiques.
  1836 | Orc:1    | Reached skill level 9 in Axes
  1843 | Orc:1    | Gained mutation: You are partially covered in slimy green scales (AC +2). [mutagenic meat]
  1844 | Orc:1    | Gained mutation: Your flesh is cold resistant. [mutagenic meat]
  1845 | Orc:1    | Gained mutation: You evolve. [mutagenic meat]
  1852 | Orc:1    | Bought a scroll labeled MUEKKIGIMAF for 20 gold pieces
  1852 | Orc:1    | Bought a brown potion for 18 gold pieces
  1852 | Orc:1    | Bought a scroll labeled VAYGHUAFEC for 20 gold pieces
  1852 | Orc:1    | Bought a scroll of identify for 40 gold pieces
  2012 | Orc:1    | Found Vasiw's Antique Armour Emporium.
  2021 | Orc:1    | Received a gift from Trog
  2021 | Orc:1    | Reached XP level 10. HP: 69/94 MP: 14/14
  2572 | Orc:2    | Found Fizol's Quality Used Wands.
  2590 | Orc:2    | Received a gift from Trog
  2671 | Orc:3    | Found Quutaloe's Assorted Antiques.
  2689 | Orc:3    | Noticed an ogre mage
  2689 | Orc:3    | Noticed an orc knight
  2695 | Orc:3    | Killed an ogre mage
  2695 | Orc:3    | Reached skill level 10 in Axes
  2706 | Orc:3    | Demolished by an orc knight

Vault maps used:
D:1:      tarquinn_simple_flora_water_d, minmay_shallow_snake_nest
D:3:      yredelemnul_forgotten_temple_becter, grunt_temple_overflow_open,
          portal_sewer_entry_c
D:4:      saegor_snake_ambush, uniq_duvessa
D:5:      first_bread, minivault_24
D:6:      serial_shops, nicolae_shop_behind_doors, kennysheep_crisscross,
          uniq_sigmund, uniq_eustachio
D:7:      minmay_temple_entry_trees, serial_shops, nicolae_shop_crystal,
          uniq_menkaure
D:8:      the_bakery, lemuel_old_faithful
D:9:      grunt_lair_entry_elf_guard_hut, serial_shops, shop_fountains,
          uniq_erolcha
D:11:     serial_shops, nicolae_shop_trees
D:12:     orc_0_dummy
Orc:1:    serial_shops, shop, shop, shop_statue, mines2_lemuel
Orc:2:    nicolae_for_you_no_charge
Orc:3:    serial_shops, shop, shop, shop, nicolae_orc_pool_cavern,
          guppyfry_orc_lava_fort
Sewer:    sewer_the_crocodile

Action                   |  1- 3 |  4- 6 |  7- 9 | 10-12 || total
-------------------------+-------+-------+-------+-------++-------
Melee: Hand axe          |    31 |   108 |   314 |   101 ||   554
       War axe           |       |       |       |    16 ||    16
       Battleaxe         |       |       |       |     9 ||     9
Invok: Berserk           |     3 |     6 |    17 |     5 ||    31
       Trog's Hand       |       |       |     4 |     1 ||     5
       Brothers in Arms  |       |       |       |     1 ||     1
 Abil: Spit Poison       |     6 |    10 |    17 |     1 ||    34
  Use: Scroll            |       |       |     7 |     1 ||     8
  Eat: Chunk             |       |     8 |    25 |     7 ||    40
       Beef jerky        |       |       |     1 |       ||     1
